cohdb
Replays
Latest Replays
All Replays
Popular Replays
Top Player Replays
Match Explorer
How It Works
Community
CoH3 Stats
Reddit
Sign in to upload your games and track your stats! →
Sign in with Steam
Match 41446286
Unlisted
Match 41446286
Overview
Messages
Build Orders
End
Vickers Machine Gun Team
Construct Section Command Post
Selects Canadian Shock Battlegroup
Infantry Section
Infantry Section
Infantry Section
Selects Attacking Spirit
Construct Platoon Command Post
Humber Armored Car
Construct Company Command Post
Selects Incendiary Munitions
Selects Burnout
Unlock M3 Grant Medium Tanks
ML 3-inch Mortar Team
Grenade Package
Infantry Section
Vickers Machine Gun Team
Selects Canadian Shock Section
Canadian Shock Section
Selects Point Assault
M3 Grant Medium Tank
Infantry Training
Royal Engineer Section
camkool
Nubbl0r
0
0
Comments
sign in to comment!
No comments posted yet!